AoeStats
← Malelf

Arena

509137182Analyzed
1v1 RM · 6d ago on Sep 25, 2026· 27m 39s· 2 players
Game mode
Random Map
Map size
Tiny (2 player)
Population
200
Speed
Normal
Resources
Standard
Victory
Conquest
Starting age
Dark Age
Ending age
Imperial Age
RankedLock teamsTeams togetherTeam positionsShared explorationLock speedFull tech treeHidden civsTurbo modeCheats
Victory
Defeat
🇵🇹 Dravidians · Portugal
1692
+18
🇮🇹 Tupi · Italy
1726
-18
Kold
10:56 Feudal Age
11:58 Horse Collar
14:55 Castle Age
12:50 Double-Bit Axe
16:47 Bow Saw
18:45 Heavy Plow
23:32 Imperial Age
22:03 Gold Mining
23:22 Padded Archer Armor
25:20 Chemistry
24:44 Fletching
Malelf
10:12 Feudal Age
9:36 Loom
14:16 Castle Age
12:37 Double-Bit Axe
14:35 Gold Mining
15:24 Bow Saw
22:02 Redemption
22:35 Fletching
23:39 Sanctity
23:25 Bodkin Arrow
30:03 Imperial Age
Connection lost

Rejoining the realm…

Still unreachable

The connection could not be restored.

Session expired

The server has moved on; the page needs a fresh start.